[Event "9th Bangabandhu Rapid Men 2021"]
[Site "Dhaka"]
[Date "2021.04.02"]
[Round "5.7"]
[White "Subrota, Biswas"]
[Black "Chowdhury, Sohel"]
[Result "1-0"]
[ECO "B11"]
[WhiteElo "2256"]
[BlackElo "2091"]
[Annotator "ChessBase"]
[PlyCount "62"]
[EventDate "2021.04.02"]
[EventType "swiss"]
[EventCountry "BAN"]
[SourceTitle "playchess.com"]
[Source "ChessBase"]
[SourceQuality "1"]
[TimeControl "1500+10"]

1. e4 c6 2. Nf3 d5 3. Nc3 Bg4 4. h3 Bxf3 5. gxf3 e6 6. d4 Nf6 7. Rg1 g6 8. Bg5 Be7 9. Qd2 Nbd7 10. O-O-O Nb6 11. exd5 Nfxd5 12. Ne4 Nf6 13. c4 Nxe4 14. fxe4 Bxg5 15. Rxg5 Qe7 16. Qf4 O-O-O 17. Ra5 a6 18. Ra3 f6 19. c5 e5 20. Qg4+ Nd7 21. d5 h5 22. Qe2 Nxc5 23. b4 Nd7 24. Rxa6 Nb8 25. Ra3 Qxb4 26. Rb3 Qa5 27. Kb1 cxd5 28. exd5 Rxd5 29. Qc4+ Rc5 30. Qe6+ Kc7 31. Qe7+ Kc8 1-0

[Event "9th Bangabandhu Rapid Men 2021"]
[Site "Dhaka"]
[Date "2021.04.02"]
[Round "5.8"]
[White "Tutul, Dhar"]
[Black "Reefat, Bin-Sattar"]
[Result "0-1"]
[ECO "A47"]
[WhiteElo "1826"]
[BlackElo "2401"]
[Annotator "ChessBase"]
[PlyCount "90"]
[EventDate "2021.04.02"]
[EventType "swiss"]
[EventCountry "BAN"]
[SourceTitle "playchess.com"]
[Source "ChessBase"]
[SourceQuality "1"]
[TimeControl "1500+10"]

1. d4 e6 2. Bf4 Nf6 3. Nf3 c5 4. e3 Be7 5. c3 b6 6. Nbd2 Bb7 7. Bd3 d6 8. Qe2 Nh5 9. Bg3 Nd7 10. e4 Qc7 11. e5 Nxg3 12. hxg3 dxe5 13. dxe5 h6 14. O-O-O O-O-O 15. Ba6 Nb8 16. Bxb7+ Kxb7 17. Nh4 g5 18. Nhf3 Nc6 19. Kb1 g4 20. Nh2 h5 21. Rhe1 Rd5 22. f4 gxf3 23. Nhxf3 Rg8 24. Qf2 b5 25. c4 bxc4 26. Nxc4 Rgd8 27. Qc2 Nb4 28. Qb3 Ka8 29. a3 Nd3 30. Rf1 f6 31. Nd6 Bxd6 32. Rxd3 c4 33. exd6 Qh7 34. Qxc4 Qxd3+ 35. Qxd3 Rxd3 36. Nh4 f5 37. Nf3 R8xd6 38. Kc2 R3d5 39. Rh1 e5 40. Rxh5 e4 41. Nh4 e3 42. Nxf5 Rd8 43. Rh7 Rxf5 44. Re7 Rf2+ 45. Kc3 e2 0-1

[Event "9th Bangabandhu Rapid Men 2021"]
[Site "Dhaka"]
[Date "2021.04.02"]
[Round "6.1"]
[White "Hossain, Enamul"]
[Black "Mohammad Fahad, Rahman"]
[Result "1/2-1/2"]
[ECO "D47"]
[WhiteElo "2404"]
[BlackElo "2321"]
[Annotator "ChessBase"]
[PlyCount "41"]
[EventDate "2021.04.02"]
[EventType "swiss"]
[EventCountry "BAN"]
[SourceTitle "playchess.com"]
[Source "ChessBase"]
[SourceQuality "1"]
[TimeControl "1500+10"]

1. d4 d5 2. c4 c6 3. Nf3 Nf6 4. Nc3 e6 5. e3 Nbd7 6. Bd3 dxc4 7. Bxc4 b5 8. Bd3 Bd6 9. O-O O-O 10. Bd2 Bb7 11. Rc1 Rc8 12. a3 e5 13. b4 Qe7 14. Ng5 Bb8 15. Qc2 h6 16. Nge4 Rcd8 17. Nxf6+ Nxf6 18. dxe5 Bxe5 19. Ne4 a5 20. Nc5 Bd6 21. Ne4 1/2-1/2

[Event "9th Bangabandhu Rapid Men 2021"]
[Site "Dhaka"]
[Date "2021.04.02"]
[Round "6.2"]
[White "Rahman, Ziaur"]
[Black "Ghosh, Chanchal Kumer"]
[Result "1-0"]
[ECO "D30"]
[WhiteElo "2432"]
[BlackElo "2052"]
[Annotator "ChessBase"]
[PlyCount "57"]
[EventDate "2021.04.02"]
[EventType "swiss"]
[EventCountry "BAN"]
[SourceTitle "playchess.com"]
[Source "ChessBase"]
[SourceQuality "1"]
[TimeControl "1500+10"]

1. d4 d5 2. Nf3 Nf6 3. g3 e6 4. Bg2 c5 5. O-O Nc6 6. c4 Be7 7. cxd5 exd5 8. dxc5 Bxc5 9. a3 O-O 10. b4 Bb6 11. Nc3 h6 12. Bb2 Re8 13. Rc1 Bg4 14. Na4 Bc7 15. Nc5 Rb8 16. Nxb7 Rxb7 17. Rxc6 Ne4 18. Bd4 Qd7 19. Rc1 Qb5 20. Qc2 a5 21. a4 Qd7 22. b5 Bd6 23. Qb2 f6 24. Qa2 Bb4 25. Rc6 Kh8 26. Rd1 Bh5 27. Qc2 Bg6 28. Qc1 Re6 29. Bh3 1-0

[Event "9th Bangabandhu Rapid Men 2021"]
[Site "Dhaka"]
[Date "2021.04.02"]
[Round "6.3"]
[White "Jabed Al Azad"]
[Black "Subrota, Biswas"]
[Result "1-0"]
[ECO "B19"]
[WhiteElo "1983"]
[BlackElo "2256"]
[Annotator "ChessBase"]
[PlyCount "53"]
[EventDate "2021.04.02"]
[EventType "swiss"]
[EventCountry "BAN"]
[SourceTitle "playchess.com"]
[Source "ChessBase"]
[SourceQuality "1"]
[TimeControl "1500+10"]

1. e4 c6 2. d4 d5 3. Nc3 dxe4 4. Nxe4 Bf5 5. Ng3 Bg6 6. Nf3 Nd7 7. h4 h6 8. h5 Bh7 9. Bd3 Bxd3 10. Qxd3 e6 11. Bd2 Ngf6 12. O-O-O Be7 13. Kb1 O-O 14. Ne4 c5 15. g4 Nxg4 16. Qe2 Qb6 17. Rhg1 f5 18. Nxc5 Nxc5 19. dxc5 Qa6 20. c4 Bf6 21. Bb4 Rae8 22. Nd4 Qa4 23. Bc3 b6 24. b3 Qa6 25. c6 Qc8 26. Qf3 Bxd4 27. Rxd4 1-0

[Event "9th Bangabandhu Rapid Men 2021"]
[Site "Dhaka"]
[Date "2021.04.02"]
[Round "6.4"]
[White "Islam, Khandaker Aminul"]
[Black "Manon, Reja Neer"]
[Result "1-0"]
[ECO "D02"]
[WhiteElo "2210"]
[BlackElo "2112"]
[Annotator "ChessBase"]
[PlyCount "53"]
[EventDate "2021.04.02"]
[EventType "swiss"]
[EventCountry "BAN"]
[SourceTitle "playchess.com"]
[Source "ChessBase"]
[SourceQuality "1"]
[TimeControl "1500+10"]

1. d4 Nf6 2. Nf3 e6 3. Bf4 d5 4. e3 Be7 5. h3 b6 6. Nbd2 Bb7 7. Bd3 Nbd7 8. a4 c5 9. c3 O-O 10. Qb1 h6 11. g4 Ne8 12. Rg1 g5 13. Bg3 Kg7 14. Ke2 Bd6 15. h4 Bxg3 16. Rxg3 Rh8 17. Rh3 Nd6 18. Qh1 Ne4 19. Rg1 Qf6 20. Qh2 Rac8 21. Rh1 Rhg8 22. hxg5 hxg5 23. Rh6 Qe7 24. Bb5 Ndf6 25. Nxe4 dxe4 26. Ne5 a6 27. Rh7+ 1-0

[Event "9th Bangabandhu Rapid Men 2021"]
[Site "Dhaka"]
[Date "2021.04.02"]
[Round "6.5"]
[White "Mollah Abdullah, Al Rakib"]
[Black "Anata, Choudhury"]
[Result "1-0"]
[ECO "E11"]
[WhiteElo "2464"]
[BlackElo "2184"]
[Annotator "ChessBase"]
[PlyCount "67"]
[EventDate "2021.04.02"]
[EventType "swiss"]
[EventCountry "BAN"]
[SourceTitle "playchess.com"]
[Source "ChessBase"]
[SourceQuality "1"]
[TimeControl "1500+10"]

1. d4 Nf6 2. Nf3 e6 3. c4 Bb4+ 4. Nbd2 b6 5. a3 Bxd2+ 6. Bxd2 Bb7 7. Bg5 d6 8. e3 Nbd7 9. Nd2 h6 10. Bh4 g5 11. Bg3 Qe7 12. f3 h5 13. Be2 h4 14. Bf2 h3 15. g3 Ng4 16. Bg1 f5 17. Qc2 O-O-O 18. O-O-O Rdf8 19. Kb1 Kb8 20. Nb3 Ngf6 21. d5 exd5 22. Nd4 Ne5 23. Nxf5 Qh7 24. cxd5 g4 25. f4 Bxd5 26. Rxd5 Nxd5 27. e4 Nf3 28. Nd4 Nxg1 29. Rxg1 Nf6 30. Bd3 Qh5 31. Nc6+ Kb7 32. Rc1 Rf7 33. Qc4 Ne8 34. Qa6+ 1-0

[Event "9th Bangabandhu Rapid Men 2021"]
[Site "Dhaka"]
[Date "2021.04.02"]
[Round "6.6"]
[White "Reefat, Bin-Sattar"]
[Black "Rafi, Islam"]
[Result "1-0"]
[ECO "B40"]
[WhiteElo "2401"]
[BlackElo "1788"]
[Annotator "ChessBase"]
[PlyCount "73"]
[EventDate "2021.04.02"]
[EventType "swiss"]
[EventCountry "BAN"]
[SourceTitle "playchess.com"]
[Source "ChessBase"]
[SourceQuality "1"]
[TimeControl "1500+10"]

1. e4 c5 2. b3 e6 3. Nf3 a6 4. Bb2 d6 5. d4 cxd4 6. Nxd4 Nf6 7. Nd2 b5 8. a4 b4 9. Bd3 Bb7 10. Qe2 Nbd7 11. f4 Be7 12. O-O-O Qc7 13. g4 Nc5 14. g5 Nfd7 15. Kb1 O-O-O 16. Rhf1 Kb8 17. h4 Rc8 18. Rc1 h6 19. c3 Nxd3 20. Qxd3 Nc5 21. Qe3 bxc3 22. Rxc3 Qd7 23. Ka2 hxg5 24. hxg5 Rh2 25. Rfc1 Rch8 26. N4f3 Rh1 27. Rxh1 Rxh1 28. Qd4 e5 29. fxe5 Ne6 30. Qb6 d5 31. exd5 Qxd5 32. Nc4 Qd1 33. Nfd2 Rh8 34. Na5 Qh1 35. Nf3 Nd8 36. Rd3 Bc5 37. Rxd8+ 1-0

[Event "9th Bangabandhu Rapid Men 2021"]
[Site "Dhaka"]
[Date "2021.04.02"]
[Round "6.7"]
[White "Mohammed Abdul, Malek"]
[Black "Mohammad Minhaz Uddin"]
[Result "1/2-1/2"]
[ECO "E11"]
[WhiteElo "2125"]
[BlackElo "2281"]
[Annotator "ChessBase"]
[PlyCount "82"]
[EventDate "2021.04.02"]
[EventType "swiss"]
[EventCountry "BAN"]
[SourceTitle "playchess.com"]
[Source "ChessBase"]
[SourceQuality "1"]
[TimeControl "1500+10"]

1. d4 Nf6 2. c4 e6 3. Nf3 Bb4+ 4. Bd2 Qe7 5. e3 Nc6 6. Be2 O-O 7. O-O Bxd2 8. Qxd2 Ne4 9. Qc2 f5 10. Nc3 Nxc3 11. Qxc3 d6 12. b4 Qf6 13. b5 Ne7 14. a4 b6 15. a5 Bb7 16. Rfc1 h6 17. c5 bxc5 18. dxc5 Qxc3 19. Rxc3 Bxf3 20. Bxf3 d5 21. a6 Rfb8 22. Rb3 Nc6 23. Be2 Ne5 24. Kf1 Nd7 25. Rc1 Kf7 26. f4 Ke7 27. Kf2 Rc8 28. Ke1 Rab8 29. Kd2 g5 30. Kd3 g4 31. Kd4 h5 32. Rbb1 h4 33. Bd1 Ra8 34. Ba4 Rab8 35. Kd3 Kd8 36. Kd2 Ke7 37. Kd3 Kd8 38. Kd4 Ke7 39. Rb3 Kd8 40. Rcb1 Ke8 41. c6 Kd8 1/2-1/2

[Event "9th Bangabandhu Rapid Men 2021"]
[Site "Dhaka"]
[Date "2021.04.02"]
[Round "6.8"]
[White "Abdul, Momin"]
[Black "Rahman, Taibur"]
[Result "1/2-1/2"]
[ECO "B32"]
[WhiteElo "1944"]
[BlackElo "2189"]
[Annotator "ChessBase"]
[PlyCount "93"]
[EventDate "2021.04.02"]
[EventType "swiss"]
[EventCountry "BAN"]
[SourceTitle "playchess.com"]
[Source "ChessBase"]
[SourceQuality "1"]
[TimeControl "1500+10"]

1. e4 c5 2. Nf3 Nc6 3. d4 cxd4 4. Nxd4 e5 5. Nb5 d6 6. N1c3 a6 7. Na3 b5 8. Nd5 Nge7 9. c3 Nxd5 10. Qxd5 Bb7 11. Nc2 Qc7 12. Qd3 Ne7 13. Ne3 Rd8 14. c4 bxc4 15. Qxc4 Qb8 16. Qa4+ Bc6 17. Qxa6 Qb4+ 18. Bd2 Qxb2 19. Rc1 Ra8 20. Qd3 Qd4 21. Qb3 Qa4 22. Qb6 Bd7 23. Bc4 Nc8 24. Qb2 Be7 25. Bd5 Ra7 26. O-O O-O 27. Rc4 Qa6 28. Rfc1 Nb6 29. Rb4 Na4 30. Qa3 Nc5 31. Qxa6 Rxa6 32. Rcb1 Be6 33. Rb8 g6 34. Rxf8+ Kxf8 35. Rb8+ Kg7 36. Bb4 Bxd5 37. Nxd5 Rxa2 38. f3 Bh4 39. g3 Bg5 40. Bxc5 dxc5 41. f4 exf4 42. gxf4 Bh4 43. Rc8 Bf2+ 44. Kh1 h5 45. e5 h4 46. Nf6 h3 47. Rg8+ 1/2-1/2

[Event "9th Bangabandhu Rapid Men 2021"]
[Site "Dhaka"]
[Date "2021.04.03"]
[Round "8.3"]
[White "Mollah Abdullah, Al Rakib"]
[Black "Hossain, Enamul"]
[Result "1/2-1/2"]
[ECO "D30"]
[WhiteElo "2463"]
[BlackElo "2426"]
[Annotator "ChessBase"]
[PlyCount "85"]
[EventDate "2021.04.02"]
[EventType "swiss"]
[EventCountry "BAN"]
[SourceTitle "playchess.com"]
[Source "ChessBase"]
[SourceQuality "1"]
[TimeControl "1500+10"]

1. d4 d5 2. c4 e6 3. Nf3 c5 4. Bg5 Be7 5. Bxe7 Nxe7 6. dxc5 Qa5+ 7. Nc3 dxc4 8. Qd4 O-O 9. Qxc4 Na6 10. e3 Qxc5 11. Qxc5 Nxc5 12. O-O-O a5 13. Bb5 Rb8 14. Rd6 Nf5 15. Rd2 b6 16. e4 Ne7 17. Ne5 Bb7 18. f3 Rfc8 19. Rhd1 g5 20. Kb1 Bc6 21. Rd6 Bxb5 22. Nxb5 Ng6 23. Nxg6 hxg6 24. e5 Kg7 25. b3 Rh8 26. h3 Rh5 27. Na7 Rb7 28. Nc6 Rc7 29. Kb2 Rh8 30. Nd4 Rb7 31. Nb5 Rh5 32. Rd8 Rh8 33. Rxh8 Kxh8 34. Rd8+ Kg7 35. Nd6 Rd7 36. Rxd7 Nxd7 37. Nc4 b5 38. Nxa5 Nxe5 39. Kc3 f5 40. Kd4 Kf6 41. a4 bxa4 42. bxa4 g4 43. h4 1/2-1/2

[Event "9th Bangabandhu Rapid Men 2021"]
[Site "Dhaka"]
[Date "2021.04.03"]
[Round "8.4"]
[White "Jabed Al Azad"]
[Black "Mohammad Minhaz Uddin"]
[Result "0-1"]
[ECO "C42"]
[WhiteElo "2002"]
[BlackElo "2295"]
[Annotator "ChessBase"]
[PlyCount "97"]
[EventDate "2021.04.02"]
[EventType "swiss"]
[EventCountry "BAN"]
[SourceTitle "playchess.com"]
[Source "ChessBase"]
[SourceQuality "1"]
[TimeControl "1500+10"]

1. e4 e5 2. Nf3 Nf6 3. Nxe5 d6 4. Nf3 Nxe4 5. d4 d5 6. Bd3 Nc6 7. O-O Bg4 8. Re1 Be7 9. c3 f5 10. Nbd2 O-O 11. h3 Bh5 12. Be2 Kh8 13. Nf1 Bd6 14. Ne3 Bxf3 15. Bxf3 Qh4 16. Rf1 Ne7 17. Bxe4 dxe4 18. Nc4 Rf6 19. f3 Rg6 20. Nxd6 cxd6 21. fxe4 fxe4 22. Kh1 Rf6 23. Be3 Raf8 24. Rxf6 Rxf6 25. c4 Nf5 26. Qd2 Re6 27. d5 Re8 28. Kg1 Qg3 29. Re1 Nh4 30. Qf2 Nf3+ 31. Kf1 Qxf2+ 32. Kxf2 Nxe1 33. Kxe1 a6 34. Bf4 Rc8 35. b3 b5 36. Bxd6 bxc4 37. bxc4 Rxc4 38. Be7 Rd4 39. d6 Kg8 40. Ke2 Rd3 41. a4 Kf7 42. a5 Ke6 43. Bf8 g6 44. h4 Kd7 45. g4 Ra3 46. h5 gxh5 47. gxh5 Rxa5 48. Ke3 Rxh5 49. Kd4 0-1

[Event "9th Bangabandhu Rapid Men 2021"]
[Site "Dhaka"]
[Date "2021.04.03"]
[Round "8.5"]
[White "Ahmed, Sheikh Nasir"]
[Black "Subrota, Biswas"]
[Result "0-1"]
[ECO "D13"]
[WhiteElo "2193"]
[BlackElo "2262"]
[Annotator "RC"]
[PlyCount "38"]
[EventDate "2021.04.02"]
[EventType "swiss"]
[EventCountry "BAN"]
[SourceTitle "playchess.com"]
[Source "ChessBase"]
[SourceQuality "1"]
[TimeControl "1500+10"]

1. d4 d5 2. c4 c6 3. Nf3 Nf6 4. cxd5 cxd5 5. Nc3 Nc6 6. g3 Bf5 7. Qb3 Qd7 8. Bg2 e6 9. O-O Bd6 10. Bf4 O-O 11. Ne5 Bxe5 12. dxe5 Ng4 13. e4 dxe4 14. Nxe4 Bxe4 15. Bxe4 Ngxe5 16. Bxe5 Nxe5 17. Qxb7 Qxb7 18. Bxb7 Rab8 19. Bg2 Rxb2 0-1

[Event "9th Bangabandhu Rapid Men 2021"]
[Site "Dhaka"]
[Date "2021.04.03"]
[Round "9.5"]
[White "Rahman, Taibur"]
[Black "Anata, Choudhury"]
[Result "0-1"]
[ECO "D00"]
[WhiteElo "2215"]
[BlackElo "2167"]
[Annotator "RC"]
[PlyCount "116"]
[EventDate "2021.04.02"]
[EventType "swiss"]
[EventCountry "BAN"]
[SourceTitle "playchess.com"]
[Source "ChessBase"]
[SourceQuality "1"]
[TimeControl "1500+10"]

1. d4 Nf6 2. Bg5 d5 3. e3 c5 4. Bxf6 gxf6 5. Nf3 Nc6 6. Nc3 e6 7. g3 Bd7 8. Bg2 a6 9. O-O Bd6 10. e4 cxd4 11. Nxd4 Nxd4 12. Qxd4 Be5 13. Qd2 dxe4 14. Rfd1 f5 15. Qe3 Qc7 16. f3 O-O-O 17. fxe4 f4 18. gxf4 Bxf4 19. Qh3 Rhg8 20. Kh1 Rg6 21. Ne2 Rh6 22. Nxf4 Rxh3 23. Nxh3 Bc6 24. c3 Rg8 25. Rd2 Qe5 26. Re1 f5 27. Rde2 Rxg2 28. Kxg2 Bxe4+ 29. Rxe4 fxe4 30. Nf2 Qg5+ 31. Kf1 e3 32. Nd1 Qf4+ 33. Ke2 Qxh2+ 34. Kxe3 h5 35. Nf2 Qg3+ 36. Ke2 Qe5+ 37. Kf1 Qb5+ 38. Re2 Qf5 39. Kg2 h4 40. Re3 Qg5+ 41. Kf3 Qd5+ 42. Re4 h3 43. c4 Qh5+ 44. Kg3 h2 45. Rh4 Qe5+ 46. Kg2 Qg5+ 47. Rg4 Qd2 48. Rh4 Qxb2 49. Rxh2 Qxa2 50. Rh4 Qc2 51. Re4 a5 52. Kf3 a4 53. Re3 Qxc4 54. Ne4 Qf1+ 55. Nf2 Qc1 56. Ne4 Qh1+ 57. Ke2 a3 58. Rxa3 Qxe4+ 0-1